 Dungeon Crawl Stone Soup version 0.16.0-16-g311141a (webtiles) character file.

1113 valak23 the Skirmisher (level 8, -5/70 HPs)
             Began as a Black Draconian Fighter on Mar 20, 2015.
             Was a Priest of Zin.
             Slain by an orc warrior
             ... wielding a +1 glaive of venom
              (17 damage)
             ... on level 5 of the Dungeon.
             The game lasted 00:18:29 (4093 turns).

valak23 the Skirmisher (Black Draconian Fighter)    Turns: 4093, Time: 00:18:29

Health: -5/70      AC:  9    Str: 21    XL:     8   Next: 12%
Magic:  13/13      EV: 12    Int:  9    God:    Zin [***...]
Gold:   265        SH: 11    Dex: 13    Spells: 0 memorised, 7 levels left

rFire  . . .     SeeInvis .     p - +2 mace (crush)
rCold  + . .     Clarity  .     (armour unavailable)
rNeg   . . .     SustAb   +     c - +1 shield
rPois  ∞         Gourm    .     (helmet restricted)
rElec  +         Spirit   .     m - +0 cloak
rCorr  .         Warding  .     b - +0 pair of gloves
rMut   .         Stasis   .     d - +0 pair of boots
MR     .....                    (no amulet)
Stlth  +.........               x - ring of sustain abilities
                                r - ring of protection from cold

@: vitalised, not resistant to hostile enchantments, very unstealthy
A: breathe lightning, unfitting armour, electricity resistance, cold-blooded, AC
+6
a: Breathe Lightning, Recite, Vitalisation, Imprison, Renounce Religion


You were on level 5 of the Dungeon.
You worshipped Zin.
Zin was most pleased with you.
You were not hungry.

You visited 2 branches of the dungeon, and saw 6 of its levels.
You also visited: Sewer.

You collected 294 gold pieces.
You donated 29 gold pieces to Zin.

Inventory:

Hand weapons
 a - a +0 war axe
 p - a +2 mace of crushing (weapon)
 u - a +0 battleaxe
Armour
 b - a +0 pair of gloves (worn)
 c - a +1 shield (worn)
 d - a +0 pair of boots (worn)
 m - a +0 cloak (worn)
Jewellery
 r - a ring of protection from cold (left hand)
 x - a ring of sustain abilities (right hand)
Magical devices
 s - a wand of hasting (6)
Scrolls
 l - a scroll of fear
 n - 2 scrolls of random uselessness
 o - 6 scrolls of teleportation
 q - 3 scrolls of recharging
 y - a scroll of noise {unknown}
 C - a scroll of blinking {unknown}
Potions
 e - 2 potions of might
 h - 2 potions of lignification {unknown}
 i - 3 potions of brilliance {unknown}
 k - 2 potions of magic {unknown}
 v - 3 potions of flight {unknown}
 w - 2 potions of haste {unknown}
 z - a potion of poison {unknown}
 A - a potion of restore abilities {unknown}
 B - a potion of agility {unknown}
Comestibles
 f - a fruit
 g - 4 beef jerkies
 j - 2 meat rations


   Skills:
 * Level 5.9 Fighting
 - Level 2.1(3.6) Axes
 * Level 4.6(4.8) Maces & Flails
 + Level 5.2 Dodging
 + Level 4.4 Shields
 + Level 3.4 Invocations


You had 7 spell levels left.
You didn't know any spells.

Dungeon Overview and Level Annotations

Branches:
Dungeon (5/15)             Temple (1/1) D:5

Altars:
Ashenzari
Cheibriados
Dithmenos
Elyvilon
Fedhas
Gozag
Kikubaaqudgha
Makhleb
Nemelex Xobeh
Okawaru
Ru
Sif Muna
Trog
Zin
The Shining One


Innate Abilities, Weirdness & Mutations

You can breathe wild blasts of lightning.
Your glossy black scales are hard (AC +6).
Your body does not fit into most forms of armour.
You are resistant to electric shocks.
Your cold-blooded metabolism reacts poorly to cold.


Message History

Drink which item? (? for menu, Esc to quit)
It was a potion of curing.
You feel better.
You have got your breath back.
The orc warrior hits you with a glaive of venom!
* * * LOW HITPOINT WARNING * * *
You are lethally poisoned!
The giant frog skeleton barely misses you.
The water moccasin bites you but does no damage.
Use which ability? (? or * to list) Zin grants you divine stamina.
You feel somewhat less hungry. The giant frog skeleton hits you.
* * * LOW HITPOINT WARNING * * *
You block the water moccasin's attack. The orc warrior closely misses you.
You block the giant frog skeleton's attack.
The water moccasin completely misses you.
Drink which item? (? for menu, Esc to quit)
You feel better. You block the water moccasin's attack.
The giant frog skeleton hits you but does no damage.
The orc warrior hits you with a glaive of venom!
You die...

.......#.>.#.....# #..## ##...
......#.#.#.#....## #..# ##..
........#.#.#......###..# #..
.........#.#........#...# #..
....................#..## #..
......................## ##..
.......................######...
................................
..............@o.)...#.........
............S.Z.....##..5.##..
.......(............##..###..
...................#...# #..
......................# #..
....$................# #..
....................# .
............ . .... ......


You could see an orc warrior, a water moccasin and a giant frog skeleton.

Vanquished Creatures
  2 ice beasts (D:5)
  A phantom (D:5)
  3 big kobolds (Sewer)
  A scorpion (D:4)
  2 crimson imps (D:5)
  2 orc wizards
  2 orc priests (D:3)
  2 worker ants
  A hound zombie (D:4)
  A hound skeleton (D:4)
  3 worker ant zombies
  10 adders
  2 river rats (Sewer)
  A shadow imp (D:5)
  4 worms
  3 giant mites
  An adder skeleton (D:4)
  An adder zombie (D:4)
  6 giant geckos
  An ooze (Sewer)
  7 orcs
  5 ball pythons
  3 bats
  A bat skeleton (D:4)
  4 giant cockroaches
  6 hobgoblins
  A giant cockroach zombie (D:4)
  A giant gecko skeleton (D:4)
  2 giant gecko zombies (D:4)
  4 giant newts
  7 goblins
  4 jackals (D:2)
  2 jackal zombies (D:4)
  10 kobolds
  10 rats
  A bush (D:3)
  A plant (D:3)
118 creatures vanquished.

Notes
Turn   | Place    | Note
--------------------------------------------------------------
     0 | D:1      | valak23, the Draconian Fighter, began the quest for the Orb.
     0 | D:1      | Reached XP level 1. HP: 19/19 MP: 1/1
   364 | D:1      | Reached XP level 2. HP: 26/26 MP: 2/2
   686 | D:2      | Found a snail-covered altar of Cheibriados.
   795 | D:2      | Reached XP level 3. HP: 31/33 MP: 3/3
   906 | D:2      | Reached skill level 4 in Fighting
   921 | D:2      | Found a burning altar of Makhleb.
   921 | D:2      | Noticed a blizzard demon
   924 | D:2      | Found a glowing silver altar of Zin.
   924 | D:2      | Noticed an angel
   933 | D:2      | Became a worshipper of Zin the Law-Giver
   933 | D:2      | Acquired Zin's first power
   985 | D:2      | Found a bloodstained altar of Trog.
   986 | D:2      | Found an iron altar of Okawaru.
  1344 | D:2      | Reached skill level 1 in Maces & Flails
  1454 | D:3      | Acquired Zin's second power
  1534 | D:3      | Found a glowing drain.
  1539 | D:3      | Reached XP level 4. HP: 40/40 MP: 4/4
  1551 | Sewer    | Entered a sewer
  1743 | Sewer    | Noticed a big kobold
  1744 | Sewer    | Noticed a big kobold
  1769 | Sewer    | Killed a big kobold
  1769 | Sewer    | Reached XP level 5. HP: 16/47 MP: 5/5
  1774 | Sewer    | Killed a big kobold
  2121 | Sewer    | Reached XP level 6. HP: 49/53 MP: 6/6
  2155 | Sewer    | Noticed a big kobold
  2169 | Sewer    | Killed a big kobold
  2313 | D:3      | Reached skill level 5 in Fighting
  2581 | D:3      | Found a shadowy altar of Dithmenos.
  2581 | D:3      | Found an ancient bone altar of Kikubaaqudgha.
  2583 | D:3      | Found a glowing golden altar of the Shining One.
  2583 | D:3      | Found a deep blue altar of Sif Muna.
  2939 | D:4      | Reached skill level 1 in Invocations
  2939 | D:4      | Your scales start taking on a glossy black colour.
  2939 | D:4      | Gained mutation: You are resistant to electric shocks. [draconian maturity]
  2939 | D:4      | Reached XP level 7. HP: 61/61 MP: 6/8
  3197 | D:4      | Acquired Zin's third power
  3700 | D:5      | Entered Level 5 of the Dungeon
  3850 | D:5      | Reached skill level 5 in Dodging
  3905 | D:5      | Reached XP level 8. HP: 42/70 MP: 12/12
  3962 | D:5      | Found a staircase to the Ecumenical Temple.
  3973 | Temple   | Entered the Ecumenical Temple
  4092 | D:5      | HP: 1/70 [giant frog skeleton (4)]
  4093 | D:5      | Slain by an orc warrior

Action                   |  1- 3 |  4- 6 |  7- 9 || total
-------------------------+-------+-------+-------++-------
Melee: War axe           |    27 |       |       ||    27
       Mace              |    55 |   151 |   122 ||   328
Invok: Recite            |       |     6 |     7 ||    13
       Vitalisation      |       |       |     2 ||     2
 Abil: Breathe Lightning |       |       |     3 ||     3
  Use: Scroll            |    11 |       |     1 ||    12
       Potion            |       |     1 |     2 ||     3
 Stab: Sleeping          |     1 |       |       ||     1
  Eat: Bread ration      |     1 |     1 |       ||     2
       Meat ration       |       |       |     1 ||     1
